 Dungeon Crawl Stone Soup version 0.24.1-8-ga250c9d538 (webtiles) character file.

Game seed: 12829657285736401325, levelgen mode: deterministic

8985 H0rd4k the Thaumaturge (level 11, 0/54 HPs)
             Began as a Deep Elf Wizard on May 7, 2020.
             Was a Believer of Sif Muna.
             Killed from afar by Josephine (31 damage)
             ... with a ghostly fireball
             ... on level 10 of the Dungeon.
             The game lasted 00:31:26 (12068 turns).

H0rd4k the Thaumaturge (Deep Elf Wizard)           Turns: 12068, Time: 00:31:28

Health: 0/54       AC:  5    Str:  4    XL:     11   Next: 17%
Magic:  3/31       EV: 14    Int: 30    God:    Sif Muna [**....]
Gold:   602        SH:  0    Dex: 16    Spells: 27/39 levels left

rFire    . . .     SeeInvis .   B - staff of cold
rCold    + . .     Gourm    .   (no shield)
rNeg     . . .     Faith    +   H - +0 robe {Archmagi}
rPois    .         Spirit   .   s - +2 helmet {Int+3}
rElec    .         Reflect  .   (no cloak)
rCorr    .         Harm     .   (no gloves)
MR       +....                  (no boots)
Stlth    ++........             l - amulet of faith
HPRegen  0.18/turn              h - +3 ring of dexterity
MPRegen  0.22/turn              (no ring)

@: heavily drained
A: no striking features
a: Channel Magic, Renounce Religion


You were on level 10 of the Dungeon.
You worshipped Sif Muna.
Sif Muna was pleased with you.
You were not hungry.

You visited 1 branch of the dungeon, and saw 10 of its levels.

You collected 602 gold pieces.

Inventory:

Hand Weapons
 e - a +1 short sword of electrocution
 v - a +1 dagger of electrocution
 w - a +4 quarterstaff
Missiles
 n - 94 poisoned darts (quivered)
Armour
 s - a +2 helmet of intelligence (worn)
 H - a +0 robe of the Archmagi (worn)
Magical Staves
 A - an uncursed staff of fire
 B - an uncursed staff of cold (weapon)
Jewellery
 h - a +3 ring of dexterity (left hand)
 l - an amulet of faith (around neck)
 t - an uncursed ring of stealth
 D - an uncursed amulet of guardian spirit
Wands
 a - a wand of flame (17)
 x - a wand of acid (9)
 C - a wand of digging (7)
 G - a wand of random effects (24)
Scrolls
 c - 9 scrolls of identify {unknown}
 f - a scroll of random uselessness {unknown}
 g - a scroll of magic mapping {unknown}
 i - 3 scrolls of remove curse {unknown}
 j - 4 scrolls of fear {unknown}
 k - 4 scrolls of amnesia {unknown}
 r - a scroll of teleportation {unknown}
 u - 2 scrolls of blinking {unknown}
 y - 2 scrolls of enchant armour {unknown}
 E - a scroll of fog {unknown}
Potions
 m - 2 potions of curing
 o - a potion of resistance {unknown}
 p - 2 potions of heal wounds
 q - a potion of lignification
 z - 4 potions of brilliance {unknown}
 F - a potion of ambrosia {unknown}
 I - 2 potions of might {unknown}
Comestibles
 b - 3 chunks of flesh
 d - 15 rations


   Skills:
 + Level 5.4(4.1) Dodging
 + Level 4.1(2.9) Stealth
 + Level 14.9(13.3) Spellcasting
 + Level 10.2(8.8) Conjurations
   Level 1.1(0.0) Summonings
 + Level 5.1(3.9) Translocations
 + Level 3.6(2.4) Fire Magic
 + Level 3.6(2.4) Air Magic
 + Level 3.5(2.3) Poison Magic


You had 27 spell levels left.
You knew the following spells:

 Your Spells              Type           Power        Failure   Level  Hunger
a - Magic Dart            Conj           ####         1%          1    None
b - Blink                 Tloc           N/A          1%          2    None
c - Conjure Flame         Conj/Fire      ######..     1%          3    None
d - Mephitic Cloud        Conj/Pois/Air  ######..     1%          3    None
e - Gell's Gravitas       Tloc           ######....   1%          3    None

Your spell library contained the following spells:

 Spells                   Type           Power        Failure   Level  Hunger
 Confusing Touch          Hex            ####..       2%          1    None
 Call Imp                 Summ           ####....     3%          2    None
 Slow                     Hex            ####....     3%          2    None
 Confuse                  Hex            ####....     8%          3    None
 Petrify                  Tmut/Erth      ####....     26%         4    None
 Metabolic Englaciation   Hex/Ice        #####.....   56%         5    #......
 Yara's Violent Unravell  Hex/Tmut       ####......   56%         5    #......


Dungeon Overview and Level Annotations

Branches:
Dungeon (10/15)            Temple (0/1) D:5
   Lair: D:8-11         Orc: D:9-12

Altars:
Cheibriados
Elyvilon
Kikubaaqudgha
Makhleb
Nemelex Xobeh
Qazlal
Ru
Sif Muna
Vehumet
Wu Jian
Xom

Shops:
D:10 (

Portals:
Trove: D:10 (give +4 ice dragon scales)

Annotations:
D:3 1 runed translucent door, Crazy Yiuf
D:5 Grinder
D:6 exclusion: downstairs
D:7 exclusion: downstairs
D:8 exclusion: 2 downstairs
D:10 Josephine


Message History

Confirm with . or Enter, or press ? or * to list all spells.
Aiming: Gell's Gravitas (safe; 1% risk of failure)
Press: ? - help, Dir - move target cursor You feel a surge of power!
Gravity reorients around empty space.
Josephine is engulfed in blazing flames. x2
Josephine gestures at you while chanting.
The ghostly flame explodes!
The ghostly fireball engulfs you!!
You feel drained.
The ghostly fireball engulfs Josephine.
Josephine completely resists.
Casting: Gell's Gravitas (safe; 1% risk of failure)
Confirm with . or Enter, or press ? or * to list all spells.
Aiming: Gell's Gravitas (safe; 1% risk of failure)
Press: ? - help, Dir - move target cursor You feel a surge of power!
Gravity reorients around empty space.
Josephine is engulfed in blazing flames.
Josephine casts a spell at you.
The ghostly flame explodes!
The ghostly fireball engulfs you!!
You feel drained.
Ouch! That really hurt!
You die...

#........................#
#........................#
#............)............
#.........##############..
#.........#....... . #..
#.........#....... .. #..
#.........#....... ...###
#.....[...ยง@...... ......
#####....@#....... ......
#.....#....... ......
#.....#.o..... ..####
#.....#....@.! @
#.....#.......
#.....#...........#
#..<..######......#
#..........#......#
#####..........#......#


You could see Josephine.

Vanquished Creatures
  A tengu warrior (D:9)
  A cyclops (D:9)
  A troll (D:9)
  A hornet (D:10)
  A queen bee (D:8)
  A hippogriff (D:8)
  Sigmund (D:5)
  4 wraiths
  5 yaks (D:9)
  A water moccasin (D:9)
  8 orc warriors
  2 ice beasts
  3 sky beasts
  10 ogres
  2 centaurs
  A crocodile (D:10)
  Blork the orc (D:6)
  2 big kobolds (D:9)
  4 bullfrogs
  A wyvern skeleton (D:10)
  3 scorpions
  23 killer bees
  5 wights
  3 howler monkeys
  A centaur zombie (D:9)
  2 crimson imps
  2 bullfrog zombies
  7 hounds
  8 orc priests
  2 jellies
  13 orc wizards
  Terence (D:5)
  3 worker ants
  3 iguanas
  2 killer bee zombies
  A hound skeleton (D:7)
  10 adders
  A gnoll (D:1)
  A shadow imp (D:7)
  An ooze (D:4)
  An adder skeleton (D:9)
  2 worms (D:2)
  A dart slug (D:1)
  5 leopard geckos
  35 orcs
  8 giant cockroaches
  A goblin (D:1)
  4 hobgoblins
  5 jackals (D:3)
  12 kobolds
  A quokka (D:10)
  3 bats (D:3)
  3 frilled lizards
  4 rats
228 creatures vanquished.

Notes
Turn   | Place    | Note
-------+----------+-------------------------------------------
     0 | D:1      | H0rd4k the Deep Elf Wizard began the quest for the Orb.
     0 | D:1      | Reached XP level 1. HP: 10/10 MP: 7/7
   210 | D:1      | Reached skill level 5 in Spellcasting
   239 | D:1      | Reached XP level 2. HP: 13/15 MP: 8/10
   736 | D:2      | Reached XP level 3. HP: 19/19 MP: 1/12
   740 | D:2      | Learned a level 2 spell: Blink
   744 | D:2      | Learned a level 3 spell: Conjure Flame
   748 | D:2      | Learned a level 3 spell: Mephitic Cloud
  1111 | D:2      | Reached skill level 6 in Spellcasting
  1114 | D:2      | You fall into a shaft and drop 1 floor!
  1265 | D:3      | Reached XP level 4. HP: 23/24 MP: 9/14
  1285 | D:3      | Found a faded altar of an unknown god.
  1500 | D:3      | Noticed Terence
  1812 | D:3      | Reached XP level 5. HP: 24/28 MP: 9/16
  1893 | D:3      | Found a runed translucent door.
  1894 | D:3      | Noticed Crazy Yiuf
  1945 | D:3      | Found a burning altar of Makhleb.
  1945 | D:3      | Noticed a balrug
  2651 | D:4      | Found a sacrificial altar of Ru.
  2774 | D:4      | Reached XP level 6. HP: 32/32 MP: 10/17
  3083 | D:5      | Entered Level 5 of the Dungeon
  3124 | D:5      | Reached skill level 7 in Spellcasting
  3158 | D:5      | Noticed Sigmund
  3337 | D:5      | Found a staircase to the Ecumenical Temple.
  3423 | D:5      | Found a sparkling altar of Nemelex Xobeh.
  3431 | D:5      | Noticed an ice beast
  3457 | D:5      | Killed an ice beast
  3568 | D:5      | Killed Terence
  3568 | D:5      | Reached skill level 5 in Conjurations
  3574 | D:5      | Reached skill level 1 in Fire Magic
  3574 | D:5      | Reached XP level 7. HP: 31/36 MP: 7/20
  3640 | D:5      | Killed Sigmund
  3640 | D:5      | Reached skill level 8 in Spellcasting
  3640 | D:5      | Reached skill level 1 in Air Magic
  3640 | D:5      | Reached skill level 1 in Poison Magic
  3904 | D:5      | Noticed Grinder
  4005 | D:6      | Found a white marble altar of Elyvilon.
  4007 | D:6      | Noticed Blork the orc
  4020 | D:6      | Killed Blork the orc
  4159 | D:6      | Found a shimmering blue altar of Sif Muna.
  4167 | D:6      | Found an ancient bone altar of Kikubaaqudgha.
  4189 | D:6      | Found a radiant altar of Vehumet.
  4418 | D:7      | Found a sparkling altar of Nemelex Xobeh.
  4418 | D:7      | Found a stormy altar of Qazlal.
  4940 | D:7      | Reached XP level 8. HP: 35/41 MP: 15/22
  4982 | D:7      | Reached skill level 9 in Spellcasting
  5329 | D:7      | Found a sacrificial altar of Ru.
  6109 | D:8      | Reached skill level 10 in Spellcasting
  6302 | D:8      | Reached XP level 9. HP: 41/45 MP: 4/25
  6826 | D:8      | Reached skill level 11 in Spellcasting
  7175 | D:8      | Found a snail-covered altar of Cheibriados.
  7437 | D:8      | Noticed a queen bee
  7446 | D:8      | Killed a queen bee
  7847 | D:9      | Noticed a troll
  8327 | D:10     | Entered Level 10 of the Dungeon
  8389 | D:10     | Reached skill level 12 in Spellcasting
  8406 | D:10     | Learned a level 3 spell: Gell's Gravitas
  8436 | D:10     | Reached XP level 10. HP: 50/50 MP: 13/28
  8933 | D:10     | HP: 2/50 [orc warrior/+0 hand axe (15)]
  9277 | D:10     | Found a portal to a secret trove of treasure.
  9339 | D:10     | Found Yrevuowul's Antique Weapon Emporium.
  9579 | D:10     | Noticed Josephine
  9616 | D:10     | Reached skill level 5 in Dodging
  9928 | D:6      | Became a worshipper of Sif Muna the Loreminder
 10040 | D:9      | Reached skill level 13 in Spellcasting
 10130 | D:9      | Found a shimmering altar of Xom.
 10156 | D:9      | Found an ornate altar of the Wu Jian Council.
 10404 | D:9      | HP: 1/50 [ogre/+0 giant club (28)]
 10782 | D:9      | Reached skill level 14 in Spellcasting
 10786 | D:9      | Noticed a tengu warrior
 10787 | D:9      | Reached * piety under Sif Muna
 10848 | D:9      | Reached skill level 10 in Conjurations
 11199 | D:9      | Noticed a cyclops
 11405 | D:9      | Reached XP level 11. HP: 10/54 MP: 17/31
 11610 | D:9      | HP: 2/54 [tengu warrior/stone (15)]
 11617 | D:9      | Killed a tengu warrior
 11872 | D:9      | Reached skill level 5 in Translocations
 12057 | D:10     | Reached ** piety under Sif Muna
 12068 | D:10     | Killed from afar by Josephine

Levels and vault maps discovered:
D:1:      kennysheep_arrival_forest, layout_loops_ring
D:2:      layout_loops_cross, lemuel_crystal_altar, minmay_tall_x
D:3:      layout_loops_ring, makhleb_altar_promises_db,
          chequers_ecumenical_altar_grove, uniq_terence, uniq_crazy_yiuf_cottage
D:4:      layout_basic, first_ration, nicolae_ru_awakened_eye
D:5:      lemuel_ratsnest, layout_loops_ring, minmay_temple_entry_tees,
          nemelex_spade_bored_becter, uniq_sigmund, uniq_grinder
D:6:      layout_rooms, palyth_temple_overflow_mages, basic_altar,
          uniq_blork_the_orc
D:7:      layout_cave_pods, grunt_temple_overflow_open
D:8:      layout_loops_ring, kennysheep_little_box, david_nohive_1,
          chequers_mini_garden
D:9:      minmay_quarter_circles, layout_cave_pools, lemuel_doored_altar,
          kennysheep_mini_moat, minmay_strange_pillars
D:10:     layout_irregular_city, enter_trove_3, serial_shops,
          nicolae_shop_trees, uniq_josephine

Skill      XL: |  1  2  3  4  5  6  7  8  9 10 11 |
---------------+----------------------------------+-----
Spellcasting   | 5 6 7 8 10 12 14 | 14.9
Conjurations   | 2 3 4 5 6 7 9 10 | 10.2
Dodging        | 3 4 5 |  5.4
Stealth        | 3 4 |  4.1
Fire Magic     | 1 3 |  3.6
Air Magic      | 1 3 |  3.6
Poison Magic   | 2 3 |  3.5
Translocations | 2 4 5 |  5.1
Summonings     | |  1.1

Action                   |  1- 3 |  4- 6 |  7- 9 | 10-12 || total
-------------------------+-------+-------+-------+-------++-------
Melee: Unarmed           |    14 |       |       |       ||    14
       Staff             |       |       |       |     3 ||     3
 Cast: Magic Dart        |   101 |   118 |   247 |   147 ||   613
       Mephitic Cloud    |       |    11 |    39 |     6 ||    56
       Conjure Flame     |       |     7 |    38 |    44 ||    89
       Blink             |       |     3 |    11 |     6 ||    20
       Gell's Gravitas   |       |       |     2 |    44 ||    46
  Use: Potion            |     2 |       |       |     4 ||     6
  Eat: Chunk             |       |     5 |     7 |     8 ||    20
       Ration            |       |     1 |     2 |     1 ||     4
Armor: Robe              |     9 |     3 |    11 |    13 ||    36
       Skin              |       |       |       |     7 ||     7
Dodge: Dodged            |    19 |    19 |    58 |    64 ||   160
